 Dungeon Crawl Stone Soup version 0.28-a0-616-gdeb3d7f7b4 (webtiles) character file.

Game seed: 17613841908658777952

85148 MirrMurr the Unseen (level 15, -23/80 HPs)
             Began as a Spriggan Enchanter on Oct 6, 2021.
             Was an Initiate of Gozag.
             Annihilated by Agnes (34 damage)
             ... on level 13 of the Dungeon.
             The game lasted 01:03:14 (33115 turns).

MirrMurr the Unseen (Spriggan Enchanter)           Turns: 33115, Time: 01:03:15

Health: -23/80     AC: 10    Str:  9    XL:     15   Next: 37%
Magic:  23/25      EV: 32    Int: 16    God:    Gozag
Gold:   5401       SH: 13    Dex: 18    Spells: 8/26 levels left

rFire   . . .      SeeInvis +   a - +4 dagger (venom)
rCold   . . .      Faith    .   d - +0 buckler
rNeg    . . .      Spirit   .   y - +2 steam dragon scales
rPois   .          Reflect  +   (helmet restricted)
rElec   .          Harm     .   H - +2 cloak
rCorr   .          Rampage  .   (gloves unavailable)
Will    ++...                   (boots unavailable)
Stlth   +++++++...              k - amulet of reflection
HPRegen 0.23/turn               K - ring of wizardry
MPRegen 0.19/turn               O - +4 ring of slaying

@: very quick
A: very small, no large weapons, unfitting armour, see invisible, speed 3
a: Renounce Religion, Potion Petition, Call Merchant, Bribe Branch


You were on level 13 of the Dungeon.
You worshipped Gozag.
Gozag was greatly pleased with you.
You visited 3 branches of the dungeon, and saw 21 of its levels.
You also visited: Gauntlet.

You collected 5543 gold pieces.
You paid 142 gold pieces to Gozag.

Inventory:

Hand Weapons
 a - a +4 dagger of venom (weapon)
Missiles
 m - 647 stones (quivered)
 p - 68 poisoned darts
 G - a boomerang
 N - 2 curare-tipped darts
Armour
 d - a +0 buckler (worn)
 y - +2 steam dragon scales (worn)
 H - a +2 cloak (worn)
Jewellery
 k - an amulet of reflection (around neck)
 r - a ring of flight
 K - a ring of wizardry (left hand)
 O - a +4 ring of slaying (right hand)
Wands
 h - a wand of mindburst (7)
 v - a wand of digging (6)
 w - a wand of polymorph (37)
 E - a wand of acid (9)
 I - a wand of iceblast (14)
Scrolls
 b - 4 scrolls of magic mapping
 e - 9 scrolls of teleportation
 u - a scroll of summoning
 A - a scroll of enchant armour
 B - 2 scrolls of brand weapon
 C - a scroll of immolation
 M - 3 scrolls of enchant weapon
Potions
 c - 3 potions of magic
 f - 5 potions of lignification
 g - 3 potions of attraction
 i - a potion of degeneration {unknown}
 j - 5 potions of might
 l - 4 potions of mutation
 n - 5 potions of curing
 o - 4 potions of heal wounds
 q - 2 potions of haste
 s - 2 potions of brilliance
 t - a potion of resistance
 x - a potion of ambrosia
 z - 2 potions of cancellation
 F - a potion of berserk rage
 J - a potion of flight {unknown}


   Skills:
 + Level 9.7 Fighting
 - Level 10.0 Short Blades
 + Level 18.5 Dodging
 + Level 19.7 Stealth
 - Level 7.2 Shields
 - Level 6.0 Spellcasting
 * Level 10.3 Hexes


You had 8 spell levels left.
You knew the following spells:

 Your Spells              Type           Power      Damage    Failure   Level
a - Ensorcelled Hibernat  Hex/Ice        42%        N/A       1%          2
b - Confusing Touch       Hex            38%        N/A       1%          3
c - Tukima's Dance        Hex            38%        N/A       1%          3
d - Dazzling Flash        Conj/Hex       42%        N/A       1%          3
i - Invisibility          Hex            19%        N/A       12%         6
A - Apportation           Tloc           8%         N/A       6%          1

Your spell library contained the following spells:

 Spells                   Type           Power      Damage    Failure   Level
 Freeze                   Ice            16%        1d4       6%          1
 Magic Dart               Conj           16%        1d3       6%          1
 Shock                    Conj/Air       16%        1d4       6%          1
 Leda's Liquefaction      Hex/Erth       10%        N/A       6%          4
 Call Imp                 Summ           4%         N/A       9%          2
 Frozen Ramparts          Ice            8%         1d2       16%         3
 Gell's Gravitas          Tloc           2%         N/A       16%         3
 Lesser Beckoning         Tloc           4%         N/A       16%         3
 Mephitic Cloud           Conj/Pois/Air  4%         N/A       16%         3
 Swiftness                Air            4%         N/A       16%         3
 Teleport Other           Tloc           4%         N/A       16%         3
 Yara's Violent Unravell  Hex/Tmut       10%        3d6       17%         5
 Airstrike                Air            2%         N/A       45%         4
 Hailstorm                Conj/Ice       4%         3d4       45%         4
 Passage of Golubria      Tloc           N/A        N/A       45%         4
 Alistair's Intoxication  Tmut/Pois      2%         N/A       80%         5
 Lee's Rapid Deconstruct  Erth           2%         3d5*      80%         5
 Statue Form              Tmut/Erth      2%         N/A       100%        6
 Malign Gateway           Summ/Tloc      2%         N/A       100%        7
 Summon Horrible Things   Summ           2%         N/A       100%        8


Dungeon Overview and Level Annotations

Branches:
Dungeon (14/15)            Temple (1/1) D:7            Lair (6/6) D:11
 Shoals (0/4) Lair:2       Spider (0/4) Lair:2        Slime (0/5) Lair:5
    Orc (0/2) D:12        Gauntlet (visited)
 Vaults: D:13-14

Altars:
Ashenzari
Cheibriados
Dithmenos
Elyvilon
Fedhas
Gozag
Hepliaklqana
Kikubaaqudgha
Makhleb
Nemelex Xobeh
Okawaru
Qazlal
Ru
Sif Muna
Trog
Uskayaw
Vehumet
Wu Jian
Xom
Yredelemnul
Zin
The Shining One
Jiyva
Lugonu

Shops:
D:1 (   D:2 !   D:13 **

Portals:
Abyss: Lair:6

Annotations:
D:11 3 runed translucent doors, Heedrag's ghost, journeyman DsFE
D:13 3 runed translucent doors, Agnes; KristoblXynda's ghost, journeyman DrGl; Rupert
Lair:1 2 transporters, Matir's ghost, journeyman TeFE
Lair:4 exclusion: oklob plant
Lair:5 2 runed translucent doors, Isinocoe's ghost, journeyman VSEn
Lair:6 2 runed translucent doors, Mindthief's ghost, journeyman DsFE


Innate Abilities, Weirdness & Mutations

You are very small and have problems with some larger weapons.
You are too small for most types of armour.
You have supernaturally acute eyesight. (SInv)
You cover ground extremely quickly. (Speed+++)


Message History

Confirm with . or Enter, or press ? or * to list all spells.
Your hands begin to glow brighter.
Agnes hits you with a +1 lajatang of speed!
Agnes hits you with a +1 lajatang of speed.
The cyclops throws a large rock.
You reflect the large rock off an invisible shield around you!
The large rock completely misses Agnes.
The large rock hits the cyclops!!
You block Agnes's attack.
Agnes hits you with a +1 lajatang of speed!
You block Agnes's attack.
The cyclops throws a large rock.
The large rock misses you.
There is an escape hatch in the ceiling here.
You block Agnes's attack. Agnes completely misses you.
You block Agnes's attack. A mysterious force pulls you upwards.
The hatch slams shut behind you.
Level annotation: 3 runed translucent doors, KristoblXynda's ghost, journeyman DrGl; Rupert
Casting: Confusing Touch (safe; 1% risk of failure)
Confirm with . or Enter, or press ? or * to list all spells.
Your hands begin to glow brighter.
Agnes misses you.
Agnes hits you with a +1 lajatang of speed!
* * * LOW HITPOINT WARNING * * *
You block Agnes's attack.
You hit Agnes but do no damage. Agnes completely misses you.
Unknown command.
You feel much better. Agnes closely misses you. x2
Agnes shouts, "I will kick you around like a rattan ball!"
Agnes misses you. Agnes misses you.
Agnes hits you with a +1 lajatang of speed!
You hit Agnes but do no damage. You block Agnes's attack.
You miss Agnes.
Agnes hits you with a +1 lajatang of speed!!
* * * LOW HITPOINT WARNING * * *
You block Agnes's attack.
You hit Agnes but do no damage. You block Agnes's attack.
Unknown command.
Your hands stop glowing.
Agnes hits you with a +1 lajatang of speed!!
You die...
Your body crumbles into a pile of gold.

### ###.# ################
....########## #...............
.............#####........#######
..........................#......
........).................#......
..........................#.....[
........########i.........#......
........'......#@.........#......
........#......'..#####...#......
.#####.(#......#..# #...#.)....
.#.).'..#......#..# #...#......
.#...#..#......#..# #...#......
.#...#..########..# #...#......
.##'##............# #...#......
..................# #...#......
###...............#####...#......


You could see Agnes.

Vanquished Creatures
  A minotaur (Gauntlet)
  5 hydras
  2 boulder beetles
  A death knight (D:12)
  2 centaur warriors (D:13)
  4 two-headed ogres
  4 death yaks
  3 thrashing horrors (Lair:6)
  Sonja (D:12)
  A sixfirhy (Gauntlet)
  A death drake (shapeshifter) (Gauntlet)
  A deep troll (shapeshifter) (Gauntlet)
  A large abomination (Lair:6)
  A wizard (Gauntlet)
  A lindwurm (Lair:4)
  Pikel (D:7)
  2 ugly things (Lair:6)
  A cyclops (D:12)
  3 manticores
  24 elephants
  Maurice (D:9)
  Joseph (D:9)
  6 black mambas
  Maggie (D:8)
  12 cane toads
  A kobold demonologist (D:12)
  Psyche (D:9)
  4 smoke demons (Lair:6)
  A yaktaur (D:12)
  An unseen horror (D:12)
  A freezing wraith (D:14)
  9 komodo dragons
  5 trolls
  An efreet (D:13)
  2 ancient zymes (Lair:6)
  7 polar bears
  4 slime creatures
  21 blink frogs
  A hornet (D:5)
  2 ynoxinuls (Lair:6)
  A spriggan (Lair:6)
  2 shadows
  2 wraiths
  10 small abominations (Lair:6)
  67 yaks
  2 vampires (D:11)
  4 wyverns
  5 basilisks
  16 vampire mosquitoes
  2 chaos spawn (Lair:6)
  An acid dragon (D:9)
  15 water moccasins
  7 orc warriors
  5 black bears
  An ice beast (D:7)
  A sky beast (D:6)
  An ogre (D:3)
  A necrophage (D:6)
  2 centaurs
  8 wolves (Lair:3)
  A kobold brigand (D:8)
  7 bullfrogs
  A scorpion (D:7)
  2 wyvern zombies
  3 killer bees (D:8)
  8 wights
  3 electric eels
  4 howler monkeys
  3 jellies (D:10)
  A hound (D:4)
  A bullfrog skeleton (D:6)
  A gnoll shaman (D:7)
  5 orc priests
  Jessica (D:2)
  Terence (D:2)
  3 iguanas
  13 orc wizards
  9 hell rats
  A killer bee zombie (D:8)
  A gnoll (shapeshifter) (Gauntlet)
  4 gnolls (D:7)
  9 adders
  9 river rats (Lair:4)
  A shadow imp (Gauntlet)
  2 white imps
  An adder skeleton (D:4)
  38 orcs
  5 ball pythons
  5 bats
  9 endoplasms
  6 giant cockroaches
  10 hobgoblins
  A jackal (D:2)
  15 kobolds
  4 quokkas
  6 frilled lizards
  7 goblins
  9 rats
505 creatures vanquished.

Vanquished Creatures (collateral kills)
  An orc warrior (D:8)
  9 wights
  An orc priest (D:3)
11 creatures vanquished.

Vanquished Creatures (others)
  3 dancing weapons
  18 demonic plants (Gauntlet)
  31 fungi
  46 plants
98 creatures vanquished.

Grand Total: 614 creatures vanquished

Notes
Turn   | Place    | Note
-------+----------+-------------------------------------------
     0 | D:1      | MirrMurr the Spriggan Enchanter began the quest for the
                  | Orb.
     0 | D:1      | Reached XP level 1. HP: 9/9 MP: 5/5
   214 | D:1      | Found Fudgh's Antique Weapon Emporium.
   302 | D:1      | Reached XP level 2. HP: 13/13 MP: 6/6
   317 | D:1      | Found a faded altar of an unknown god.
   334 | D:1      | Reached skill level 5 in Stealth
  1375 | D:1      | Reached XP level 3. HP: 16/16 MP: 8/8
  1395 | D:1      | Learned a level 3 spell: Confusing Touch
  1399 | D:1      | Learned a level 3 spell: Tukima's Dance
  1464 | D:2      | Noticed Terence
  1468 | D:2      | Noticed Jessica
  1470 | D:2      | Killed Terence
  1471 | D:2      | Reached skill level 6 in Stealth
  1476 | D:2      | Killed Jessica
  1477 | D:2      | Reached XP level 4. HP: 21/21 MP: 9/9
  1502 | D:2      | Learned a level 2 spell: Ensorcelled Hibernation
  2661 | D:2      | Found Buatt's Distillery.
  2696 | D:2      | Reached skill level 7 in Stealth
  2829 | D:2      | Reached XP level 5. HP: 23/24 MP: 10/10
  2883 | D:2      | Noticed a black bear
  2900 | D:2      | Killed a black bear
  3478 | D:3      | Reached skill level 8 in Stealth
  3906 | D:3      | Reached XP level 6. HP: 28/28 MP: 8/11
  3994 | D:3      | Reached skill level 5 in Short Blades
  4110 | D:3      | Learned a level 3 spell: Dazzling Flash
  5058 | D:4      | Reached skill level 5 in Hexes
  5487 | D:5      | Entered Level 5 of the Dungeon
  5487 | D:5      | Noticed a hornet
  5491 | D:5      | Killed a hornet
  5492 | D:5      | Reached XP level 7. HP: 32/32 MP: 12/14
  5848 | D:5      | Found an ancient bone altar of Kikubaaqudgha.
  6729 | D:6      | Found a stormy altar of Qazlal.
  6805 | D:6      | Found a white marble altar of Elyvilon.
  6810 | D:6      | Reached skill level 1 in Fighting
  6810 | D:6      | Reached XP level 8. HP: 37/37 MP: 12/15
  7459 | D:7      | Noticed Pikel
  7524 | D:7      | Found a staircase to the Ecumenical Temple.
  7527 | D:7      | Reached skill level 5 in Dodging
  7536 | Temple   | Entered the Ecumenical Temple
  7641 | Temple   | Became a worshipper of Gozag Ym Sagoz the Greedy
  7950 | D:7      | Killed Pikel
  8256 | D:7      | Reached XP level 9. HP: 36/45 MP: 5/16
  8846 | D:8      | Noticed Maggie
  8853 | D:8      | Killed Maggie
  8854 | D:8      | Reached skill level 9 in Stealth
  9379 | D:8      | Found a blossoming altar of Fedhas.
  9612 | D:8      | Noticed a troll
  9660 | D:8      | Killed a troll
  9661 | D:8      | Reached skill level 10 in Stealth
 10451 | D:8      | Reached skill level 10 in Dodging
 10838 | D:8      | Found a shimmering blue altar of Sif Muna.
 11093 | D:9      | Reached XP level 10. HP: 44/49 MP: 12/17
 11115 | D:9      | Noticed a two-headed ogre
 11138 | D:9      | Killed a two-headed ogre
 11139 | D:9      | Reached skill level 11 in Stealth
 11473 | D:9      | Noticed Psyche
 11504 | D:9      | Killed Psyche
 11830 | D:9      | Found a burning altar of Makhleb.
 11845 | D:9      | Noticed Maurice
 11874 | D:9      | Reached skill level 12 in Stealth
 12210 | D:9      | Killed Maurice
 12658 | D:9      | Reached skill level 5 in Spellcasting
 12875 | D:9      | Reached XP level 11. HP: 54/54 MP: 11/19
 13989 | D:9      | Noticed Joseph
 13999 | D:9      | Killed Joseph
 14243 | D:9      | Reached skill level 13 in Stealth
 14641 | D:10     | Entered Level 10 of the Dungeon
 14717 | D:10     | Found an ornate altar of the Wu Jian Council.
 14725 | D:10     | Reached skill level 5 in Fighting
 14797 | D:10     | Found the +5 robe of Misfortune {Contam Harm *Corrode Drain
                  | *Slow EV+5}
 14830 | D:10     | Noticed an eight-headed hydra
 15173 | D:10     | Found a viscous altar of Jiyva.
 15463 | D:10     | Killed an eight-headed hydra
 16071 | D:11     | Noticed a boulder beetle
 16077 | D:11     | Killed a boulder beetle
 16095 | D:11     | Noticed a two-headed ogre
 16099 | D:11     | Killed a two-headed ogre
 16196 | D:11     | Found a runed translucent gate.
 16196 | D:11     | Found a runed translucent gate.
 16196 | D:11     | Noticed a two-headed ogre
 16196 | D:11     | Noticed a purple ugly thing
 16198 | D:11     | Found a runed translucent gate.
 16198 | D:11     | Noticed a death knight
 16198 | D:11     | Noticed Heedrag's ghost (journeyman DsFE)
 16206 | D:11     | Noticed a frost giant
 16269 | D:11     | Found a frozen archway.
 16794 | D:11     | Found a staircase to the Lair.
 17063 | Lair:1   | Entered Level 1 of the Lair of Beasts
 17085 | Lair:1   | Reached skill level 14 in Stealth
 17194 | Lair:1   | Reached skill level 10 in Hexes
 17225 | Lair:1   | Reached XP level 12. HP: 60/60 MP: 22/22
 17803 | Lair:1   | Reached skill level 10 in Short Blades
 17880 | Lair:1   | Found a transporter.
 18163 | Lair:1   | Found a transporter.
 18163 | Lair:1   | Noticed Matir's ghost (journeyman TeFE)
 18686 | Lair:2   | Found a hole to the Spider Nest.
 18689 | Lair:2   | Noticed a death yak
 18691 | Lair:2   | Noticed a death yak
 18741 | Lair:1   | Killed a death yak
 18863 | Lair:2   | Reached skill level 15 in Stealth
 19029 | Lair:2   | Found a staircase to the Shoals.
 19101 | Lair:2   | Reached skill level 15 in Dodging
 19332 | Lair:2   | Noticed a death yak
 19334 | Lair:2   | Noticed a death yak
 19368 | Lair:1   | Killed a death yak
 19369 | Lair:1   | Reached skill level 1 in Shields
 19398 | Lair:1   | Killed a death yak
 19507 | Lair:2   | Killed a death yak
 19943 | Lair:3   | Reached XP level 13. HP: 65/65 MP: 23/23
 21359 | Lair:4   | Reached skill level 16 in Stealth
 21371 | Lair:4   | Reached XP level 14. HP: 64/70 MP: 21/24
 22802 | Lair:5   | Found a runed translucent door.
 23611 | Lair:5   | Found a runed translucent door.
 23611 | Lair:5   | Found a viscous altar of Jiyva.
 23611 | Lair:5   | Noticed an azure jelly
 23612 | Lair:5   | Found a staircase to the Slime Pits.
 23612 | Lair:5   | Noticed an azure jelly
 23828 | Lair:5   | Reached skill level 17 in Stealth
 23973 | Lair:5   | Noticed Isinocoe's ghost (journeyman VSEn)
 24442 | Lair:6   | Entered Level 6 of the Lair of Beasts
 24510 | Lair:6   | Found a gate leading to a gauntlet.
 24555 | Gauntlet | Entered a Gauntlet
 24555 | Gauntlet | Found a transporter.
 24565 | Gauntlet | Found a transporter.
 24580 | Gauntlet | Found a transporter.
 24585 | Gauntlet | Found a transporter.
 24608 | Gauntlet | Found a transporter.
 24621 | Gauntlet | Found a transporter.
 24629 | Gauntlet | Found a large runed translucent door.
 24630 | Gauntlet | Found a large runed translucent door.
 24631 | Gauntlet | Found a large runed translucent door.
 24631 | Gauntlet | Found a large runed translucent door.
 24632 | Gauntlet | Found a runed translucent gate.
 24633 | Gauntlet | Found a transporter.
 24633 | Gauntlet | Found a runed translucent gate.
 24634 | Gauntlet | Found a runed translucent gate.
 24635 | Gauntlet | Found a large runed translucent door.
 24635 | Gauntlet | Found a large runed translucent door.
 24636 | Gauntlet | Found a large runed translucent door.
 24637 | Gauntlet | Found a large runed translucent door.
 24645 | Gauntlet | Found a transporter.
 24657 | Gauntlet | Found a transporter.
 24663 | Gauntlet | Found a transporter.
 24663 | Gauntlet | Found a transporter.
 24675 | Gauntlet | Found a transporter.
 24697 | Gauntlet | Found a transporter.
 24716 | Gauntlet | Found a transporter.
 24741 | Gauntlet | Found a transporter.
 24743 | Gauntlet | Found a transporter.
 24763 | Gauntlet | Found a transporter.
 24837 | Gauntlet | Found a large runed translucent door.
 24837 | Gauntlet | Found a large runed translucent door.
 24837 | Gauntlet | Found a runed translucent door.
 24837 | Gauntlet | Found a runed translucent door.
 24838 | Gauntlet | Found a large runed translucent door.
 24839 | Gauntlet | Found a large runed translucent door.
 24841 | Gauntlet | Found a transporter.
 24857 | Gauntlet | Found a large runed translucent door.
 24857 | Gauntlet | Found a large runed translucent door.
 24858 | Gauntlet | Found a large runed translucent door.
 24859 | Gauntlet | Found a large runed translucent door.
 25413 | Gauntlet | Noticed a quicksilver ooze
 25413 | Gauntlet | a satyr changed into a quicksilver ooze
 25414 | Gauntlet | a quicksilver ooze changed into a goliath frog
 25732 | Gauntlet | Identified the +10 plate armour "Niutoef" {rPois}
 26146 | Lair:6   | Noticed an ironbound preserver
 26146 | Lair:6   | Noticed Mindthief's ghost (journeyman DsFE)
 26147 | Lair:6   | Noticed a vault warden
 26148 | Lair:6   | Found a large runed translucent door.
 26148 | Lair:6   | Found a large runed translucent door.
 26830 | Lair:6   | Reached skill level 18 in Stealth
 28724 | Lair:6   | Found a corrupted altar of Lugonu.
 28724 | Lair:6   | Found a one-way gate to the infinite horrors of the Abyss.
 28743 | Lair:6   | Reached XP level 15. HP: 51/79 MP: 18/25
 29653 | Lair:6   | Reached skill level 19 in Stealth
 30120 | D:12     | Found a staircase to the Orcish Mines.
 30360 | D:12     | Found a blossoming altar of Fedhas.
 30688 | D:12     | Noticed Sonja
 30691 | D:12     | Killed Sonja
 31450 | D:13     | Found a runed translucent gate.
 31450 | D:13     | Found a runed translucent gate.
 31450 | D:13     | Found a runed translucent gate.
 31451 | D:13     | Found an opulent altar of Gozag.
 31478 | D:13     | Noticed Rupert
 31741 | D:13     | Found the amulet of Vitality {Regen+ HP+15}
 31883 | D:13     | Learned a level 1 spell: Apportation
 31890 | D:13     | Learned a level 6 spell: Invisibility
 32501 | D:13     | Found Cetwown's Assorted Antiques.
 32503 | D:13     | Noticed KristoblXynda's ghost (journeyman DrGl)
 32505 | D:13     | Noticed a fire giant
 32662 | D:13     | Found Yroawn's Assorted Antiques.
 33053 | D:14     | Noticed Agnes
 33115 | D:13     | Annihilated by Agnes

Illustrated notes

Levels and vault maps discovered:
D:1:      zelgadis_glass_arrival_small, layout_basic,
          ebering_ecumenical_altar_sacrificial, serial_shops,
          nicolae_shop_trees, serial_bayou_lagoon_a, kennysheep_minor_cross,
          minmay_octomino_c4
D:2:      layout_rooms, serial_shops, shop, minmay_misc_feat_five,
          minmay_cupped, uniq_terence, uniq_jessica
D:3:      layout_loops_ring
D:4:      layout_loops_ring
D:5:      layout_basic, general_overflow_altar, serial_bayou_ford_a,
          hangedman_decor_growths
D:6:      layout_loops_ring, mainiacjoe_overflow_large_starburst, st_stairs_7
D:7:      layout_rooms, minmay_temple_entry_butterflies, uniq_pikel
D:8:      layout_basic, nicolae_overflow_crystal_walls, lemuel_blue_sif_altar,
          uniq_maggie
D:9:      layout_irregular_city, mainiacjoe_overflow_tiny_flanked,
          kennysheep_big_empty_room, grunt_ministairs_11, uniq_psyche,
          uniq_joseph, uniq_maurice
D:10:     layout_rooms, mainiacjoe_overflow_alcove_4,
          minmay_misc_feat_secret_circle, corexii_leaking_fountain,
          jiyva_altar_1
D:11:     gammafunk_ghost_split, layout_loops_ring, lair_entry_dummy,
          portal_ice_cave_entry_pillars_2, minmay_holes, bh_walls_and_bars
D:12:     layout_irregular_city, orc_0_dummy, minmay_fountain_box,
          fedhas_altar_3, uniq_sonja
D:13:     ebering_ghost_gozag, layout_irregular_city, uniq_rupert
D:14:     layout_cave_pods, grunt_vaults_entry_tiered, serial_park_gazebo
          [serial_park_minivault_5x5_6], uniq_agnes
Temple:   regret_index_temple_waves
Lair:1:   layout_layer_cave, gammafunk_ghost_hive, grunt_megastairs_5
Lair:2:   beast_lair_carwin_large_2, layout_big_grid, elwin_shoals_entry_rocks,
          dummy_spider_entry
Lair:3:   layout_gridlike, serial_bayou_shore_a
Lair:4:   layout_loops_ring, grunt_forest_stairs_basic, kennysheep_rathole,
          grunt_megastairs_2
Lair:5:   layout_cave_pods, slime_altar_2, ebering_ghost_inner_flame,
          lemuel_fruit_tree
Lair:6:   hellmonk_lair_end_abyssal_woods, layout_gridlike,
          gauntlet_entry_generic, advil_vaults_ghost_guards,
          infiniplex_staircase_pool

Skill      XL: |  1  2  3  4  5  6  7  8  9 10 11 12 13 14 15 |
---------------+----------------------------------------------+-----
Stealth        | 5 6 7 8 10 12 14 15 16 18 19 | 19.7
Short Blades   | 2 3 4 5 7 8 9 10 | 10.0
Spellcasting   | 4 5 6 |  6.0
Hexes          | 6 8 10 | 10.3
Dodging        | 3 7 10 12 13 15 17 18 | 18.5
Fighting       | 1 4 5 6 9 |  9.7
Shields        | 6 7 |  7.2

Action                   |  1- 3 |  4- 6 |  7- 9 | 10-12 | 13-15 || total
-------------------------+-------+-------+-------+-------+-------++-------
Melee: Dagger            |   139 |   176 |   328 |   569 |   985 ||  2197
Throw: Stone             |       |       |     1 |       |     2 ||     3
       Dart              |       |       |     4 |       |       ||     4
 Cast: Ensorcelled Hiber |       |    47 |    46 |   113 |   255 ||   461
       Confusing Touch   |       |     1 |     8 |    18 |    60 ||    87
       Tukima's Dance    |       |     1 |     6 |    15 |     1 ||    23
       Dazzling Flash    |       |       |       |     7 |     1 ||     8
Evoke: Wand              |       |       |       |       |     3 ||     3
  Use: Scroll            |       |     4 |    10 |    10 |     7 ||    31
       Potion            |       |       |       |     1 |     3 ||     4
 Stab: Sleeping          |     9 |    38 |    29 |    77 |   138 ||   291
       Distracted        |       |     1 |     1 |     5 |     6 ||    13
       Confused          |       |     1 |    10 |    17 |    52 ||    80
       Invisible         |       |       |       |     4 |     3 ||     7
Armor: Robe              |    12 |    20 |     5 |       |       ||    37
       Steam dragon scal |       |       |     6 |    14 |    72 ||    92
Dodge: Dodged            |   106 |   132 |   171 |   287 |   667 ||  1363
Block: Buckler           |       |       |   146 |   218 |   543 ||   907
       Reflection        |       |       |     1 |     3 |     5 ||     9

Table legend: (Time is in decaauts)
 A = Elapsed time spent in this place.
 B = Non-inter-level travel time spent in this place.
 C = Inter-level travel time spent in this place.
 D = Time resting spent in this place.
 E = Time spent auto-exploring this place.
 F = Levels seen in this place.
 G = Mean time per level.
                   A        B        C        D        E       F      G
               +--------+--------+--------+--------+--------+-----+--------+
         Total |  25402 |  24279 |   1123 |    271 |  18952 |  22 | 1154.6 |
       Dungeon |  15700 |  15043 |    657 |     83 |  12041 |  14 | 1121.4 |
        Temple |     83 |     52 |     31 |      0 |     44 |   1 |   83.0 |
          Lair |   8775 |   8342 |    433 |    188 |   6383 |   6 | 1462.5 |
      Gauntlet |    842 |    842 |      0 |      0 |    482 |   1 |  842.0 |
               +--------+--------+--------+--------+--------+-----+--------+

Top non-repeatable levels by time:
  Lair:6: 2816 daAuts
     D:9: 2714 daAuts
     D:8: 2582 daAuts
  Lair:5: 1861 daAuts
     D:1: 1592 daAuts
  Lair:4: 1327 daAuts
  Lair:1: 1168 daAuts
     D:3: 1159 daAuts
    D:13: 1108 daAuts
    D:12: 1043 daAuts
     D:7: 964 daAuts
     D:2: 956 daAuts
  Lair:2: 922 daAuts
Gauntlet: 842 daAuts
    D:10: 807 daAuts
